 Dungeon Crawl Stone Soup version 0.20.1-1-g8b1a95d (webtiles) character file.

451 mmigdal the Skirmisher (level 6, -1/49 HPs)
             Began as a Demonspawn Abyssal Knight on Oct 30, 2017.
             Was a Believer of Lugonu.
             Succumbed to Duvessa's poison
             ... on level 4 of the Dungeon on Oct 31, 2017.
             The game lasted 00:21:10 (3451 turns).

mmigdal the Skirmisher (Demonspawn Abyssal Knight)  Turns: 3451, Time: 00:21:11

Health: -1/49      AC:  9    Str: 15    XL:     6   Next: 75%
Magic:  3/7        EV:  9    Int: 13    God:    Lugonu [**....]
Gold:   168        SH:  9    Dex: 12    Spells: 5/5 levels left

rFire    . . .     SeeInvis .   a - +1 falchion
rCold    . . .     Gourm    .   f - +1 shield
rNeg     . . .     Faith    .   q - +1 chain mail
rPois    .         Spirit   +   (no helmet)
rElec    .         Reflect  .   (no cloak)
rCorr    .         Harm     .   (no gloves)
MR       .....                  (no boots)
Stlth    ..........             (no amulet)
Regen    0.2/turn               e - +5 ring of evasion
MPRegen  0.2/turn               (no ring)

@: lethally poisoned (-1 -> -42), glowing
A: talons 1, magic shield, magic regeneration
a: Depart the Abyss, Bend Space, Renounce Religion


You were on level 4 of the Dungeon.
You worshipped Lugonu.
Lugonu was pleased with you.
You were not hungry.

You visited 1 branch of the dungeon, and saw 4 of its levels.
You visited the Abyss 1 time.

You collected 168 gold pieces.

Inventory:

Hand Weapons
 a - a +1 falchion (weapon)
 u - a +0 hunting sling
Missiles
 n - 115 stones (quivered)
 s - 57 sling bullets
 w - 7 javelins
Armour
 b - a +0 leather armour
 f - a +1 shield (worn)
 k - a +0 ring mail
 q - a +1 chain mail (worn)
 r - a +0 helmet
Jewellery
 e - a +5 ring of evasion (left hand)
 D - an uncursed ring of poison resistance {unknown}
Scrolls
 o - a scroll of random uselessness
 p - 2 scrolls of remove curse
 y - a scroll of enchant weapon {unknown}
 z - 3 scrolls of teleportation
 E - a scroll of noise {unknown}
Potions
 g - a potion of heal wounds {unknown}
 h - a potion of haste
 i - 3 potions of curing {unknown}
 j - 3 potions of invisibility {unknown}
 l - a potion of might {unknown}
 m - a potion of lignification {unknown}
 t - a potion of flight {unknown}
 v - a potion of ambrosia {unknown}
 x - a potion of brilliance {unknown}
 B - a potion of mutation {unknown}
Comestibles
 c - 4 bread rations
 d - 3 chunks of flesh
 A - a meat ration
 F - 4 fruits


   Skills:
 + Level 4.3 Fighting
 + Level 4.0 Long Blades
 + Level 2.4 Slings
 + Level 2.5 Armour
 + Level 1.6 Dodging
 + Level 0.2 Stealth
 + Level 1.9 Shields
 + Level 2.6 Invocations


You had 5 spell levels left.
You didn't know any spells.

Dungeon Overview and Level Annotations

Branches:
Dungeon (4/15)
 Temple: D:4-7

Altars:
Cheibriados
Fedhas
Yredelemnul

Annotations:
D:4 Dowan, Duvessa


Innate Abilities, Weirdness & Mutations

You have sharp toenails.
When hurt, damage is shared between your health and your magic reserves.
You regenerate magic rapidly.


Message History

You are more poisoned.
You feel very sick. Dowan casts a spell at you. The puff of flame hits you!
You block Duvessa's attack.
* * * LOW HITPOINT WARNING * * *
You feel very sick.
* * * LOW HITPOINT WARNING * * *
You feel very sick. Duvessa hits you but does no damage.
You are more poisoned.
* * * LOW HITPOINT WARNING * * *
You feel very sick.
* * * LOW HITPOINT WARNING * * *
You feel very sick.
Duvessa says, "My weaknesses are his strengths!"
You block Duvessa's attack.
Duvessa hits you with a rapier of venom.
* * * LOW HITPOINT WARNING * * *
There is a stone staircase leading up here.
You die...

#####
##....############
.................#
..................
.......@.........
#######.ee...#..
###..### ##..##
##...<## ##......#
#.......#
#.........#
#....####..#


You could see Duvessa and Dowan.

Vanquished Creatures
  Sigmund (D:2)
  A sky beast (D:3)
  An orc wizard (D:3)
  Robin (D:2)
  3 adders
  3 gnolls (D:2)
  3 worms
  4 dart slugs
  8 orcs (D:3)
  8 bats
  2 giant cockroaches
  18 goblins
  16 hobgoblins
  9 frilled lizards
  8 kobolds
  13 rats
  A plant (D:1)
100 creatures vanquished.

Notes
Turn   | Place    | Note
-------+----------+-------------------------------------------
     0 | Abyss:1  | mmigdal the Demonspawn Abyssal Knight began the quest for the Orb.
     0 | Abyss:1  | Reached XP level 1. HP: 18/18 MP: 2/2
    62 | Abyss:1  | Noticed a vampire
    63 | D:1      | Escaped the Abyss
   194 | D:1      | Reached * piety under Lugonu
   268 | D:1      | Gained mutation: When hurt, damage is shared between your health and your magic reserves. [demonic ancestry]
   268 | D:1      | Reached XP level 2. HP: 21/24 MP: 3/3
  1068 | D:2      | Gained mutation: You have sharp toenails. [demonic ancestry]
  1068 | D:2      | Reached XP level 3. HP: 25/29 MP: 4/4
  1071 | D:2      | Noticed Robin
  1278 | D:1      | Reached skill level 1 in Dodging
  1351 | D:2      | Found a snail-covered altar of Cheibriados.
  1547 | D:2      | Reached ** piety under Lugonu
  1561 | D:2      | Killed Robin
  1561 | D:2      | Gained mutation: You regenerate magic rapidly. [demonic ancestry]
  1561 | D:2      | Reached XP level 4. HP: 31/36 MP: 5/5
  1767 | D:2      | Reached skill level 1 in Shields
  2063 | D:2      | Noticed Sigmund
  2132 | D:2      | Killed Sigmund
  2132 | D:2      | Reached XP level 5. HP: 25/42 MP: 4/6
  2132 | D:2      | Reached XP level 6. HP: 28/48 MP: 4/7
  2817 | D:3      | Found a blossoming altar of Fedhas.
  2938 | D:3      | Noticed a sky beast
  2960 | D:3      | Killed a sky beast
  3307 | D:3      | Found a basalt altar of Yredelemnul.
  3429 | D:4      | Noticed Duvessa
  3430 | D:4      | Noticed Dowan
  3450 | D:4      | HP: 2/49 [Duvessa/rapier of venom (1)]
  3451 | D:4      | Succumbed to Duvessa's poison

Skill      XL: |  1  2  3  4  5  6 |
---------------+-------------------+-----
Long Blades    | 2 3 4 |  4.0
Armour         | 2 |  2.5
Dodging        | 1 |  1.6
Shields        | 1 |  1.9
Fighting       | 4 |  4.3
Slings         | 2 |  2.4
Stealth        | |  0.2
Invocations    | |  2.6

Action                   |  1- 3 |  4- 6 || total
-------------------------+-------+-------++-------
Melee: Falchion          |   162 |   191 ||   353
       Kick              |    15 |    40 ||    55
 Fire: Hunting sling     |       |    33 ||    33
Invok: Depart the Abyss  |     1 |       ||     1
       Bend Space        |       |     4 ||     4
  Use: Scroll            |       |     8 ||     8
  Eat: Chunk             |     2 |     3 ||     5
       Royal jelly       |       |     2 ||     2
Armor: Ring mail         |    13 |       ||    13
       Leather armour    |     3 |       ||     3
       Chain mail        |    10 |    92 ||   102
Dodge: Dodged            |    63 |    78 ||   141
Block: Shield            |    30 |    99 ||   129
       Rpst.: Falchion   |    23 |    15 ||    38
